 Dungeon Sprint DCSS version 0.22.1-1-ga44c0e56f4 (webtiles) character file.

386 MuseOD the Covert (level 6, -1/35 HPs)
             Began as a Spriggan Enchanter on Sept 22, 2018.
             Slain by a neqoxec (12 damage)
             ... in the Dungeon (Sprint II: "The Violet Keep of Menkaure").
             The game lasted 00:00:32 (61 turns).

MuseOD the Covert (Spriggan Enchanter)                Turns: 61, Time: 00:00:32

Health: -1/35      AC:  2    Str:  4      XL:     6   Next: 48%
Magic:  12/15      EV: 18    Int: 19      God:
Gold:   0          SH:  0    Dex: 15 (16) Spells: 14/15 levels left

rFire    . . .     SeeInvis +   a - +1 dagger
rCold    . . .     Gourm    .   (shield restricted)
rNeg     . . .     Faith    .   b - +0 robe
rPois    .         Spirit   .   (helmet restricted)
rElec    .         Reflect  .   (no cloak)
rCorr    .         Harm     .   (gloves unavailable)
MR       +....     NoTele   +   (boots unavailable)
Stlth    +++++.....             (no amulet)
HPRegen  0.11/turn              (no ring)
MPRegen  0.14/turn              (no ring)

@: berserk cooldown, hasted and slowed, very quick
A: very small, unfitting armour, see invisible, deterioration 1, herbivore,
speed 3, slow metabolism 2
a: no special abilities


You were in the Dungeon.
You were not hungry.

You visited 1 branch

Inventory:

Hand Weapons
 a - a +1 dagger (weapon)
Armour
 b - a +0 robe (worn)
Scrolls
 j - a scroll of blinking
Potions
 e - a potion of curing
 h - 2 potions of magic
Comestibles
 d - a ration


   Skills:
 - Level 4.9 Fighting
 - Level 9.5 Short Blades
 - Level 3.0 Dodging
 + Level 11.8 Stealth
 + Level 5.4 Spellcasting
 + Level 5.9 Hexes


You had 14 spell levels left.
You knew the following spells:

 Your Spells              Type           Power        Failure   Level  Hunger
a - Corona                Hex            ####...      1%          1    None

Your spell library contained the following spells:

 Spells                   Type           Power        Failure   Level  Hunger
 Confuse                  Hex            ####....     3%          3    ##.....
 Tukima's Dance           Hex            ####....     3%          3    ##.....
 Ensorcelled Hibernation  Hex/Ice        ###...       5%          2    None
 Dazzling Spray           Conj/Hex       ###...       11%         3    ##.....


Dungeon Overview and Level Annotations

Branches:
Dungeon (1/1)

Altars:


Innate Abilities, Weirdness & Mutations

You are very small and have problems with some larger weapons.
You are too small for most types of armour.
You have supernaturally acute eyesight. (SInv)
You are a herbivore.
You cover ground extremely quickly.
You need to consume almost no food.
Your body sometimes deteriorates upon taking damage.


Message History

You hit the neqoxec but do no damage.
The neqoxec is moderately wounded.
The neqoxec closely misses you. The crimson imp misses you.
You hit the neqoxec.
The neqoxec is moderately wounded.
The neqoxec closely misses you.
You closely miss the neqoxec.
The neqoxec is moderately wounded.
The crimson imp puffs mist at you.
The crimson imp hits you but does no damage.
You hit the neqoxec but do no damage.
The neqoxec is moderately wounded.
The neqoxec misses you.
You hit the neqoxec but do no damage.
The neqoxec is moderately wounded.
The crimson imp closely misses you.
You hit the neqoxec.
The neqoxec is moderately wounded.
The neqoxec hits you!
You die... ## ## .# #. # H#H

# ##w #+# .##
#.w.##.##$w.#
#+5<.+#
#.##@##.w.#
#w #3# .## #
55. # ..##.
### ##


You could see a neqoxec, a crimson imp and 2 ufetubi.

Vanquished Creatures
  3 neqoxecs (D)
3 creatures vanquished.

Notes
Turn   | Place    | Note
-------+----------+-------------------------------------------
     0 | D        | MuseOD the Spriggan Enchanter began the quest for the Orb.
     0 | D        | Reached XP level 1. HP: 9/9 MP: 5/5
     1 | D        | Noticed a tyrant leech
     1 | D        | Noticed a tyrant leech
     4 | D        | Noticed a hippogriff
     4 | D        | Noticed a hippogriff
    10 | D        | Noticed a neqoxec
    10 | D        | Noticed a neqoxec
    10 | D        | Noticed a neqoxec
    10 | D        | Noticed a neqoxec
    20 | D        | Killed a neqoxec
    20 | D        | Reached skill level 8 in Stealth
    20 | D        | Reached XP level 2. HP: 14/17 MP: 6/6
    20 | D        | Reached XP level 3. HP: 17/21 MP: 8/8
    20 | D        | Reached XP level 4. HP: 21/25 MP: 9/9
    32 | D        | Killed a neqoxec
    32 | D        | Reached skill level 10 in Stealth
    32 | D        | Reached XP level 5. HP: 24/30 MP: 10/10
    39 | D        | Gained mutation: Your body sometimes deteriorates upon
                  | taking damage. [a neqoxec]
    43 | D        | Killed a neqoxec
    43 | D        | Reached skill level 11 in Stealth
    43 | D        | Reached skill level 5 in Spellcasting
    43 | D        | Reached skill level 5 in Hexes
    43 | D        | Reached XP level 6. HP: 35/35 MP: 11/15
    61 | D        | Slain by a neqoxec

Skill      XL: |  1  2  3  4  5 |
---------------+----------------+-----
Fighting       | 3 4 |  4.9
Short Blades   | 7 9 |  9.5
Stealth        | 8 10 11 | 11.8
Spellcasting   | 5 |  5.4
Hexes          | 5 |  5.9
Dodging        | |  3.0

Action                   |  1- 3 |  4- 6 || total
-------------------------+-------+-------++-------
Melee: Dagger            |     9 |    39 ||    48
  Use: Potion            |     1 |     2 ||     3
Armor: Robe              |       |     2 ||     2
Dodge: Dodged            |     9 |    21 ||    30
